Ron, neutral male human Tourist ---- --..-- -- ---....| .| -- |.....------------- .......--- --...B...........@h.=...*.)..| |....--------..-------- | --....| |.......| --....---|.......- ---..|....|--....... |...-|....---...---.- |..--|.....<...-| . ---- ---....(...| .. --......-- -- |.......| --.--.--- ------ Ron the Sightseer Experience level: 5 Strength: 10 Dexterity: 12 Constitution: 17 Intelligence: 14 Wisdom: 10 Charisma: 14 Health: 0(51) Energy: 21(21) Def: 0 Gold: 152 Moves: 2072 Dungeon seed: 2b7jJPURxKQBiF2u Game ID: Ron_1439832601 Your Inventory: Weapons a - the blessed rustproof +0 Magicbane (weapon in hand) l - 11 cursed -1 arrows o - a cursed -1 bow q - a blessed +2 sling z - 42 uncursed +2 darts (in quiver) Armor e - an uncursed +0 Hawaiian shirt (being worn) Tools m - an uncursed leash n - an uncursed expensive camera (0:50) p - an uncursed +0 pick-axe (alternate weapon; not wielded) y - a blessed magic lamp (lit) D - an uncursed skeleton key O - an uncursed stethoscope Q - an uncursed towel S - an uncursed oil lamp (0:1175) Comestibles b - an uncursed tin of spinach d - an uncursed banana f - 2 uncursed tins of kobold meat g - 2 uncursed food rations h - an uncursed tin of jackal meat i - an uncursed cram ration j - 2 uncursed tripe rations r - an uncursed lichen corpse u - 2 uncursed sprigs of wolfsbane w - an uncursed lizard corpse B - 2 uncursed cream pies Gems k - 14 uncursed rocks Coins $ - 152 gold pieces Spells and supernatural/magical abilities: Name Level Category Fail Memory W - pray for help -- divine ? -- Your skills at the end: Fighting Skills Weapon Skills dart [Basic] Spellcasting Skills Final Attributes: You were fervently aligned. You were poison resistant. You were magic-protected. You are dead. Vanquished creatures: a dwarf king 2 gnome lords a gnomish wizard a golden naga hatchling an elf zombie 2 giant ants 4 dwarves a kobold lord a giant bat 2 gas spores a hobbit 11 gnomes 2 gnome zombies a gecko a jackal 2 sewer rats 2 grid bugs 2 bats 3 lichens 2 newts 43 creatures vanquished. Voluntary challenges: You were an atheist. You used a wielded weapon 15 times, starting on turn 1544. You read items or engraved 4 times, starting on turn 9. You never genocided any monsters. You never polymorphed an object. You never changed form. You used 1 wish, starting on turn 1540. You wished for your your first artifact on turn 1540. You never split a pudding. You never wrote Elbereth's name. You violated your moral code, losing 2 points of alignment, starting on turn 538. Dungeon overview: The Dungeons of Doom: levels 1 to 4 Level 1 a fountain a long staircase Level 2 a hardware shop, a fountain, a sink stairs to The Gnomish Mines Level 3 a fountain Level 4 The Gnomish Mines: levels 3 to 5 Level 3 stairs to The Dungeons of Doom Level 4 Level 5 <- You were here History has recorded: On T:1 you entered the Dungeons of Doom to retrieve the Amulet of Yendor! On T:52 you reached level 2 of The Dungeons of Doom. On T:116 you reached level 3 of The Dungeons of Doom. On T:173 you reached level 4 of The Dungeons of Doom. On T:222 you advanced to experience level 2. On T:448 you reached level 1 of The Gnomish Mines. On T:488 you advanced to experience level 3. On T:547 you advanced to experience level 4. On T:1415 you reached level 2 of The Gnomish Mines. On T:1421 you advanced to experience level 5. On T:1540 you wished for "the blessed rustproof +0 Magicbane". On T:1837 you reached level 3 of The Gnomish Mines. Score breakdown: Gold: 0 ( 0 points) Experience: 5 levels ( 400 points) Exploration: 5 levels ( 120 points) Discoveries: 11 items ( 550 points) Variety of kills: 20 monsters ( 1000 points) Major goal: (nothing yet) ( 0 points) Survival: died (score multiplied by 3) Total score: 6210 Latest messages: Your movements are now unencumbered. You have a little trouble lifting Z - a black gem. You have a little trouble lifting k - 2 rocks. You have a little trouble lifting c - a violet gem. Your movements are slowed slightly because of your load. You put a hooded cloak into the chest. You put a clear potion into the chest. You put 2 dark potions into the chest. Your movements are now unencumbered. You miss it. The dwarf lord hits! You die... Final status: Aloha Ron the Tourist, killed by a dwarf lord... You died in The Gnomish Mines on dungeon level 5 with 6210 points, and 152 pieces of gold, after 2072 moves. You were level 5 with a maximum of 51 hit points when you died.